 Dungeon Crawl Stone Soup version 0.30.1-11-g7821555f0a (webtiles) character file.

Game seed: 13476903599153057053

37 Ijustatesigmund the Magician (level 3, -1/20 HPs)
             Began as a Deep Elf Earth Elementalist on Dec 7, 2023.
             Slain by an orc wizard
             ... wielding a +0 dagger of speed
              (2 damage)
             ... on level 2 of the Dungeon.
             The game lasted 00:02:07 (1288 turns).

Ijustatesigmund the Magician (DEEE)                 Turns: 1288, Time: 00:02:07

Health: -1/20      AC:  3    Str:  8 (11) XL:     3   Next: 23%
Magic:  6/10       EV: 12    Int: 19 (21) God:
Gold:   112        SH:  0    Dex: 12 (13) Spells: 6/10 levels left

rFire   . . .        h - +0 short sword
rCold   . . .        (no shield)
rNeg    . . .        a - +0 robe
rPois   .            (no helmet)
rElec   .            (no cloak)
rCorr   .            i - +0 pair of gloves
SInv    .            (no boots)
Will    .....        (no amulet)
Stlth   ++           g - +6 ring of strength
HPRegen 0.23/turn    (no ring)
MPRegen 0.12/turn

%: clarity
@: mighty
A: clarity, clumsy 1
a: no special abilities


You were on level 2 of the Dungeon.
You visited 1 branch of the dungeon, and saw 2 of its levels.

You collected 112 gold pieces.

Inventory:

Hand Weapons
 h - a +0 short sword (weapon)
Armour
 a - a +0 robe (worn)
 i - a +0 pair of gloves (worn)
Jewellery
 g - a +6 ring of strength (left hand)
Scrolls
 f - a scroll of amnesia {unknown}
 j - a scroll of identify {unknown}
 k - a scroll of blinking {unknown}
Potions
 b - a potion of magic
 c - a potion of mutation
 l - a potion of heal wounds {unknown}


   Skills:
 + Level 0.4 Fighting
 - Level 2.4 Dodging
 - Level 2.4 Stealth
 + Level 4.1 Spellcasting
 + Level 0.2 Conjurations
 - Level 1.1 Transmutations
 + Level 4.0 Earth Magic


You had 6 spell levels left.
You knew the following spells:

 Your Spells              Type           Power      Damage    Failure   Level
a - Sandblast             Erth           38%        2d10      2%          1
b - Stone Arrow           Conj/Erth      24%        3d8       17%         3

Your spell library contained the following spells:

 Spells                   Type           Power      Damage    Failure   Level
 Passwall                 Tmut/Erth      10%        N/A       7%          2
 Poisonous Vapours        Pois/Air       6%         N/A       21%         2
 Mephitic Cloud           Conj/Pois/Air  4%         N/A       36%         3
 Petrify                  Tmut/Erth      13%        N/A       43%         4
 Freezing Cloud           Conj/Ice/Air   2%         6-21      98%         5


Dungeon Overview and Level Annotations

Branches:
Dungeon (2/15)

Altars:


Innate Abilities, Weirdness & Mutations

You possess an exceptional clarity of mind.
You are clumsy. (Dex -2)


Message History

You hit the rat.
You kill the rat!
Casting: Sandblast (safe; 2% risk of failure)
Confirm with . or Enter, or press ? or * to list all spells.
Aiming: Sandblast (safe; 2% risk of failure)
Press: ? - help, Shift-Dir - straight line, f/p - orc
Aim: an orc, wielding a +0 war axe and wearing a +0 ring mail (85% to hit)
The blast of sand hits something.
Something hits you. x2
Unknown command.
Casting: Sandblast (safe; 2% risk of failure)
Confirm with . or Enter, or press ? or * to list all spells.
Aiming: Sandblast (safe; 2% risk of failure)
Press: ? - help, Shift-Dir - straight line, f/p - orc
Aim: an orc, wielding a +0 war axe and wearing a +0 ring mail (85% to hit)
The blast of sand hits the orc.
The orc is almost dead.
Something hits you. x2
Unknown command.
Casting: Sandblast (safe; 2% risk of failure)
Confirm with . or Enter, or press ? or * to list all spells.
Aiming: Sandblast (safe; 2% risk of failure)
Press: ? - help, Shift-Dir - straight line, f/p - orc
Aim: an orc, wielding a +0 war axe and wearing a +0 ring mail (almost dead, 85% to hit)
The blast of sand hits the orc but does no damage.
The orc is almost dead.
Something hits you but does no damage. x2; Something hits you.
* * * LOW HITPOINT WARNING * * *
It was a potion of mutation.
You feel extremely strange.
You feel clumsy.
Your thoughts seem clearer.
Something hits you.
* * * LOW HITPOINT WARNING * * *
It was a potion of might.
You feel very mighty all of a sudden.
You hear some strange, mumbled words.
You feel momentarily confused.
It was a potion of degeneration.
There was something very wrong with that liquid.
You feel weakened.
You feel dopey.
You feel clumsy. Something hits you.
You die...

#......#.# .......#.#
.......#.# #..###.#.#
#....^.#(########
##...............
........######## +##
#######..########...#
#.........oo{@....#
#.######.######...#
#.$# ..# ##.o..o..###
##......# #.##### .r
###


You could see 2 orcs.

Vanquished Creatures
  A worm (D:2)
  An orc (D:2)
  2 bats (D:1)
  6 endoplasms
  A giant cockroach (D:1)
  3 hobgoblins
  4 jackals (D:1)
  A quokka (D:1)
  4 ball pythons (D:1)
  2 goblins (D:2)
  3 kobolds
  3 rats
31 creatures vanquished.

Notes
Turn   | Place    | Note
-------+----------+-------------------------------------------
     0 | D:1      | Ijustatesigmund the Deep Elf Earth Elementalist began the
                  | quest for the Orb.
     0 | D:1      | Reached XP level 1. HP: 10/10 MP: 6/6
   265 | D:1      | Reached XP level 2. HP: 15/15 MP: 5/8
  1124 | D:2      | Reached XP level 3. HP: 19/19 MP: 8/10
  1131 | D:2      | Learned a level 3 spell: Stone Arrow
  1286 | D:2      | Gained mutation: You are clumsy. (Dex -2) [potion of
                  | mutation]
  1286 | D:2      | Gained mutation: You possess an exceptional clarity of
                  | mind. [potion of mutation]
  1286 | D:2      | HP: 1/20 [something (3)]
  1288 | D:2      | Slain by an orc wizard

Illustrated notes

Levels and vault maps discovered:
D:1:      saegor_arrival_simple_e, layout_loops_ring
D:2:      layout_basic

Skill      XL: |  1  2 |
---------------+-------+-----
Spellcasting   | 4 |  4.1
Earth Magic    | 4 |  4.0
Fighting       | |  0.4
Dodging        | |  2.4
Stealth        | |  2.4
Conjurations   | |  0.2
Transmutations | |  1.1

Action                     || total
---------------------------++-------
  Melee: Short sword       ||     3
   Cast: Sandblast         ||    44
    Use: Potion            ||     3
 Armour: Robe              ||     2
  Dodge: Dodged            ||     3
